 Dungeon Crawl Stone Soup version 0.24.0-28-g17ded55e90 (webtiles) character file.

Game seed: 8156450003090727795, levelgen mode: deterministic

3574 Nattfarinn the Transmogrifier (level 10, -6/78 HPs)
             Began as a Merfolk Transmuter on Nov 13, 2019.
             Killed from afar by Erica (15 damage)
             ... with an orb of energy
             ... on level 8 of the Dungeon.
             The game lasted 00:32:30 (9607 turns).

Nattfarinn the Transmogrifier (Merfolk Transmuter)  Turns: 9607, Time: 00:32:31

Health: -6/78      AC:  7    Str: 12      XL:     10   Next: 10%
Magic:  12/13      EV: 13    Int: 17      God:
Gold:   257        SH:  0    Dex: 14 (15) Spells: 3/13 levels left

rFire    x . .     SeeInvis .     - Unarmed
rCold    + + +     Gourm    .   (shield currently unavailable)
rNeg     . . .     Faith    .   (armour currently unavailable)
rPois    +         Spirit   .   (helmet currently unavailable)
rElec    .         Reflect  .   (cloak currently unavailable)
rCorr    .         Harm     .   (gloves currently unavailable)
MR       .....                  (boots currently unavailable)
Stlth    +.........             (no amulet)
HPRegen  0.23/turn              F - +3 ring of intelligence
MPRegen  0.13/turn              H - ring of wizardry

@: ice-form
A: large, (change form in water), (swift swim), (stealthy swim)
a: End Transformation


You were on level 8 of the Dungeon.
You were hungry.
You were a creature of crystalline ice.
You visited 1 branch of the dungeon, and saw 8 of its levels.

You collected 411 gold pieces.
You spent 154 gold pieces at shops.

Inventory:

Hand Weapons
 A - the +1 quarterstaff "Oddaol" {protect, rPois}
   (You found it on level 5 of the Dungeon)

   It grants its wielder temporary protection when it strikes (+7 to AC).
   It protects you from poison.
Missiles
 a - 57 arrows
Armour
 b - a +0 robe
 k - a +1 leather armour of cold resistance (melded)
 r - a +0 buckler
 u - a +0 pair of boots (melded)
 v - a +0 cloak (melded)
Jewellery
 t - an uncursed ring of protection from cold
 w - an uncursed ring of magical power
 F - a +3 ring of intelligence (left front paw)
 H - a ring of wizardry (right front paw)
Wands
 p - a wand of scattershot (6)
 I - a wand of disintegration (12)
Scrolls
 c - 6 scrolls of remove curse
 e - 6 scrolls of identify
 h - 2 scrolls of enchant armour {unknown}
 i - 8 scrolls of teleportation {unknown}
 o - 2 scrolls of magic mapping {unknown}
 y - a scroll of fear {unknown}
 z - a scroll of amnesia {unknown}
 B - a scroll of immolation {unknown}
 D - a scroll of fog {unknown}
 G - a scroll of vulnerability {unknown}
 J - a scroll of brand weapon {unknown}
Potions
 f - 2 potions of might {unknown}
 g - a potion of curing
 j - 4 potions of mutation {unknown}
 l - 2 potions of brilliance {unknown}
 m - a potion of ambrosia {unknown}
 n - a potion of haste {unknown}
 q - a potion of agility {unknown}
 s - 3 potions of degeneration {unknown}
 x - 3 potions of lignification
 C - a potion of flight {unknown}
Comestibles
 d - 8 rations


   Skills:
 - Level 1.1 Fighting
 + Level 5.9 Dodging
 + Level 8.7 Unarmed Combat
 - Level 2.0 Spellcasting
 * Level 11.1 Transmutations
 - Level 6.0 Ice Magic
 - Level 5.5 Poison Magic


You had 3 spell levels left.
You knew the following spells:

 Your Spells              Type           Power        Failure   Level  Hunger
a - Beastly Appendage     Tmut           #####.       1%          1    #......
b - Sticks to Snakes      Tmut           #####...     1%          2    ###....
c - Spider Form           Tmut/Pois      ####......   1%          3    ###....
d - Ice Form              Ice/Tmut       ####....     2%          4    #####..

Your spell library contained the following spells:

 Spells                   Type           Power        Failure   Level  Hunger
 Ensorcelled Hibernation  Hex/Ice        ##....       3%          2    ###....
 Corona                   Hex            #......      8%          1    #......
 Magic Dart               Conj           #...         8%          1    #......
 Mephitic Cloud           Conj/Pois/Air  #.......     11%         3    ###....
 Blink                    Tloc           N/A          12%         2    ###....
 Call Imp                 Summ           #.......     12%         2    ###....
 Slow                     Hex            #.......     12%         2    ###....
 Confuse                  Hex            #.......     22%         3    ###....
 Conjure Flame            Conj/Fire      #.......     22%         3    ###....
 Dazzling Spray           Conj/Hex       #.....       22%         3    ###....
 Tukima's Dance           Hex            #.......     22%         3    ###....
 Blade Hands              Tmut           #####.....   2%          5    ######.


Dungeon Overview and Level Annotations

Branches:
Dungeon (8/15)             Temple (0/1) D:6
   Lair: D:8-11

Altars:
Ashenzari
Hepliaklqana
Kikubaaqudgha

Shops:
D:4 *[*!   D:8 ?

Annotations:
D:5 1 runed translucent door, VanClaymore's ghost, novice OpTm
D:8 Erica


Message History

You hear some strange, mumbled words.
An orb of energy appears from out of thin air!
The orb of energy hits you!!
The electric eel shoots out a bolt of lightning at you!
The bolt of electricity hits the orc. x2
The bolt of electricity hits something!
The bolt of electricity hits you!
The electric eel shoots out a bolt of lightning at you!
The bolt of electricity misses the orc.
The bolt of electricity hits the orc!
The orc dies!
The bolt of electricity hits something.
The bolt of electricity hits you!
* * * LOW HITPOINT WARNING * * *
You feel better.
You hear some strange, mumbled words.
A bolt of poison appears from out of thin air!
The bolt of poison hits you. You resist.
* * * LOW HITPOINT WARNING * * *
You hear some strange, mumbled words.
An orb of energy appears from out of thin air!
The orb of energy hits you!
You die...

.≈.≈≈.≈ .≈..≈.≈
#+.≈..≈≈≈
#..≈oo≈≈≈
#.≈.≈≈≈.≈
##..≈≈≈≈≈≈
######..;≈≈≈≈≈≈
#..oo)..;≈≈.≈≈≈
#Y####.........
.#.####.........
#.÷........#.#####
##.#######.#.# #.#
#....>...# #.
######.### . #.# #
#.# #.#


You could see 2 electric eels and 2 orcs.

Vanquished Creatures
  A polar bear (D:8)
  Grinder (D:5)
  4 orc warriors
  A black bear (D:6)
  2 ice beasts (D:8)
  2 phantoms
  A wolf (D:8)
  2 centaurs
  An ogre (D:6)
  A crocodile (D:6)
  A big kobold (D:7)
  6 bullfrogs
  A scorpion (D:5)
  A howler monkey (D:5)
  4 crimson imps
  2 quasits
  2 bullfrog zombies
  4 hounds
  A jelly (D:6)
  7 orc priests
  A gnoll shaman (D:7)
  11 orc wizards
  An iguana (D:6)
  2 worker ants
  A centaur simulacrum (D:8)
  A hound skeleton (D:6)
  8 adders
  7 gnolls
  A hound simulacrum (D:8)
  A shadow imp (D:5)
  A white imp (D:8)
  An ufetubus (D:8)
  2 oozes
  An adder skeleton (D:5)
  2 dart slugs
  5 leopard geckos
  22 orcs
  2 ball pythons
  7 bats
  5 giant cockroaches
  7 goblins
  10 hobgoblins
  10 jackals
  4 quokkas
  4 frilled lizards
  14 kobolds
  A leopard gecko skeleton (D:5)
  A leopard gecko zombie (D:6)
  A quokka skeleton (D:5)
  11 rats
190 creatures vanquished.

Vanquished Creatures (others)
  An orc (D:8)
1 creature vanquished.

Grand Total: 191 creatures vanquished

Notes
Turn   | Place    | Note
-------+----------+-------------------------------------------
     0 | D:1      | Nattfarinn the Merfolk Transmuter began the quest for the
                  | Orb.
     0 | D:1      | Reached XP level 1. HP: 15/15 MP: 3/3
    68 | D:1      | Reached skill level 3 in Transmutations
   336 | D:1      | Reached XP level 2. HP: 19/21 MP: 3/5
   567 | D:1      | Reached XP level 3. HP: 23/26 MP: 3/6
   942 | D:1      | Learned a level 2 spell: Sticks to Snakes
   946 | D:1      | Learned a level 3 spell: Spider Form
  1032 | D:2      | Reached skill level 4 in Transmutations
  1458 | D:2      | Reached XP level 4. HP: 25/32 MP: 5/7
  2522 | D:3      | Found a shattered altar of Ashenzari.
  2561 | D:3      | Reached skill level 1 in Poison Magic
  3101 | D:4      | Found Mouwom's Distillery.
  3135 | D:4      | Bought a potion of lignification for 42 gold pieces
  3135 | D:4      | Bought a potion of heal wounds for 70 gold pieces
  3135 | D:4      | Bought a potion of curing for 42 gold pieces
  3254 | D:4      | Found Ethreock's Assorted Antiques.
  3305 | D:4      | Found Gietoab's Assorted Antiques.
  3441 | D:4      | Reached XP level 5. HP: 33/37 MP: 6/8
  3494 | D:4      | Found Solytt's Antique Armour Boutique.
  3526 | D:4      | Reached skill level 5 in Transmutations
  3843 | D:5      | Entered Level 5 of the Dungeon
  4312 | D:5      | Reached skill level 5 in Unarmed Combat
  4312 | D:5      | Reached XP level 6. HP: 40/43 MP: 5/9
  4618 | D:5      | Got a crystal quarterstaff
  4625 | D:5      | Identified the cursed +1 quarterstaff "Oddaol" {protect,
                  | rPois} (You found it on level 5 of the Dungeon)
  4794 | D:5      | Noticed Grinder
  4812 | D:5      | Paralysed by Grinder for 7 turns
  4830 | D:5      | Paralysed by Grinder for 3 turns
  4846 | D:5      | Killed Grinder
  4846 | D:5      | Reached skill level 6 in Transmutations
  4846 | D:5      | Reached XP level 7. HP: 24/48 MP: 10/10
  4971 | D:5      | Reached skill level 5 in Poison Magic
  5095 | D:5      | Found a runed translucent door.
  5103 | D:5      | Noticed VanClaymore's ghost (novice OpTm)
  5145 | D:5      | Learned a level 4 spell: Ice Form
  5340 | D:5      | Reached skill level 1 in Ice Magic
  5448 | D:5      | HP: 2/48 [centaur (2)]
  5454 | D:5      | Reached XP level 8. HP: 8/54 MP: 11/11
  6319 | D:6      | Reached skill level 7 in Transmutations
  6389 | D:6      | HP: 2/54 [orc warrior/cursed -3 flail (24)]
  6701 | D:6      | Found a staircase to the Ecumenical Temple.
  6896 | D:6      | Reached skill level 5 in Ice Magic
  6959 | D:6      | Reached skill level 8 in Transmutations
  6966 | D:6      | Reached XP level 9. HP: 49/59 MP: 12/12
  7697 | D:7      | Reached skill level 9 in Transmutations
  8381 | D:7      | Found a hazy altar of Hepliaklqana.
  8840 | D:8      | Found an ancient bone altar of Kikubaaqudgha.
  9036 | D:8      | Reached skill level 10 in Transmutations
  9258 | D:8      | Reached skill level 5 in Dodging
  9455 | D:8      | Found Kucog's Magic Scroll Shoppe.
  9495 | D:8      | Reached XP level 10. HP: 65/65 MP: 11/13
  9584 | D:8      | Noticed Erica
  9602 | D:8      | Reached skill level 11 in Transmutations
  9607 | D:8      | Killed from afar by Erica

Levels and vault maps discovered:
D:1:      lemuel_arrival_rhombus, layout_rooms
D:2:      layout_basic, small_statue_intersection
D:3:      minmay_door_path, layout_loops_cross, nicolae_ashenzari_panopticon
D:4:      layout_basic, serial_shops, shop_fountains,
          nicolae_shop_temple_entry_statues_fountains, shop,
          kennysheep_mini_moat
D:5:      layout_gridville, ebering_ghost_sewer_d, first_ration, uniq_grinder
D:6:      layout_gridville, minmay_temple_entry_butterflies, minmay_pentangle
D:7:      layout_loops_ring, lemuel_doored_altar
D:8:      layout_loops_corners, overflow_temple_1_default, serial_ice,
          serial_ice_e, serial_ice_c, serial_ice_d, serial_ice_j, serial_shops,
          shop, grunt_ogre_cave, uniq_erica, uniq_joseph

Skill      XL: |  1  2  3  4  5  6  7  8  9 10 |
---------------+-------------------------------+-----
Transmutations | 3 4 5 6 8 10 11 | 11.1
Unarmed Combat | 4 5 6 7 8 |  8.7
Poison Magic   | 2 3 4 5 |  5.5
Ice Magic      | 2 5 6 |  6.0
Dodging        | 5 |  5.9
Fighting       | |  1.1
Spellcasting   | |  2.0

Action                   |  1- 3 |  4- 6 |  7- 9 | 10-12 || total
-------------------------+-------+-------+-------+-------++-------
Melee: Unarmed           |   128 |   213 |   305 |    11 ||   657
       Headbutt          |    16 |    17 |     3 |       ||    36
       Punch             |     1 |       |     1 |       ||     2
       Quarterstaff      |       |    13 |    13 |       ||    26
 Cast: Beastly Appendage |    22 |    29 |     8 |       ||    59
       Sticks to Snakes  |     1 |       |       |       ||     1
       Spider Form       |       |     7 |    26 |       ||    33
       Ice Form          |       |       |     3 |     1 ||     4
  Use: Potion            |       |     4 |     3 |     1 ||     8
       Scroll            |       |       |     4 |       ||     4
 Stab: Sleeping          |     1 |     1 |       |       ||     2
  Eat: Chunk             |     3 |     8 |    16 |       ||    27
       Ration            |       |     1 |     1 |       ||     2
Armor: Robe              |     1 |       |       |       ||     1
       Leather armour    |    36 |    76 |    12 |       ||   124
       Skin              |       |     4 |    12 |     7 ||    23
Dodge: Dodged            |   101 |   187 |   252 |    18 ||   558
Block: Buckler           |       |    22 |       |       ||    22
